 Dungeon Crawl Stone Soup version 0.20-a0-940-g1ecfa5a (webtiles) character file.

2328 M4edhros the Grappler (level 9, -1/83 HPs)
             Began as a Troll Chaos Knight on Mar 31, 2017.
             Slain by a spatial maelstrom (3 damage)
             ... on level 3 of the Abyss.
             The game lasted 00:16:02 (14593 turns).

M4edhros the Grappler (Troll Chaos Knight)         Turns: 14593, Time: 00:16:03

Health: -1/83      AC:  7    Str: 22      XL:     9   Next: 19%
Magic:  9/9        EV: 10    Int: 12 (13) God:    Xom [......]
Gold:   744        SH:  4    Dex: 11 (12) Spells: 8/11 levels left

rFire    . . .     SeeInvis .     - Unarmed
rCold    . . .     Gourm    +   (no shield)
rNeg     . . .     Faith    .   a - +2 robe
rPois    +         Spirit   .   (helmet restricted)
rElec    .         Reflect  .   (no cloak)
rCorr    +         Harm     .   (gloves unavailable)
MR       ++...     Rnd*Tele +   (boots unavailable)
Stlth    +.........             (no amulet)
Regen    0.7/turn               w - ring of teleportation (curse)
MPRegen  0.2/turn               y - ring of the Lotus Blossom {rCorr MR++ Int+5}

@: about to teleport, drained
A: unfitting armour, claws 3, large bone plates 1, deterioration 1, fast
metabolism 3, gourmand, low mp 1, poison resistance, regeneration 1, shaggy fur
1, tough skin 2, evolution 1
a: Renounce Religion


You were on level 3 of the Abyss.
You worshipped Xom.
You were a very special plaything of Xom.
You were not hungry.

You visited 1 branch of the dungeon, and saw 7 of its levels.
You visited the Abyss 1 time.
You also visited: Ossuary.

You collected 744 gold pieces.

Inventory:

Hand Weapons
 h - a +0 hunting sling
Missiles
 g - 251 stones (quivered)
Armour
 a - a +2 robe (worn)
 e - a +0 pair of boots
Jewellery
 w - a cursed ring of teleportation (left claw)
 y - the ring of the Lotus Blossom (right claw) {rCorr MR++ Int+5}
   (Xom gifted it to you on level 5 of the Dungeon)

   [ring of resist corrosion]

   It affects your intelligence (+5).
   It affects your resistance to hostile enchantments.
Scrolls
 i - a scroll of fear {unknown}
 j - 2 scrolls of remove curse {unknown}
 l - 7 scrolls of identify
 m - a scroll of enchant weapon {unknown}
 o - 2 scrolls of magic mapping {unknown}
 p - 3 scrolls of fog {unknown}
 r - 3 scrolls of enchant armour {unknown}
 u - 2 scrolls of noise {unknown}
 v - 3 scrolls of amnesia
 x - 2 scrolls of teleportation {unknown}
Potions
 c - a potion of cancellation
 d - a potion of heal wounds
 k - a potion of curing
 A - a potion of brilliance {unknown}
Books
 t - a book of Misfortune

   Spells                             Type                      Level
   a - Confusing Touch                Hexes                        1
   b - Confuse                        Hexes                        3
   c - Gell's Gravitas                Translocation                3
   d - Petrify                        Transmutation/Earth          4
   e - Metabolic Englaciation         Hexes/Ice                    5
   f - Yara's Violent Unravelling     Hexes/Transmutation          5
Miscellaneous
 q - a lightning rod (1/4)
Comestibles
 b - 6 bread rations
 f - 5 meat rations


   Skills:
 + Level 3.4(2.9) Fighting
 + Level 3.3(2.8) Dodging
 - Level 10.3(9.7) Unarmed Combat
 + Level 1.8(1.3) Spellcasting
 * Level 3.0(2.5) Hexes


You had 8 spell levels left.
You knew the following spells:

 Your Spells              Type           Power        Failure   Level  Hunger
a - Confuse               Hex            #.......     34%         3    ####...


Dungeon Overview and Level Annotations

Branches:
Dungeon (7/15)             Temple (0/1) D:5

Altars:
Dithmenos
Fedhas
Makhleb
Ru
Trog
Uskayaw
Wu Jian
Xom
The Shining One


Innate Abilities, Weirdness & Mutations

You are too large for most types of armour.
You have claws for hands.
Your metabolism is lightning-fast.
You like to eat raw meat.
Your natural rate of healing is unusually fast.
You are covered in fur. (AC +1)
You have very tough skin. (AC +2)
You are partially covered in large bone plates. (SH +4)
Your body sometimes deteriorates upon taking damage.
Your magical capacity is low. (-10% MP)
Your system is resistant to poisons. (rPois)
You evolve.


Message History

The bolt hits you but does no damage.
The bolt disappears in a puff of smoke!
Unknown command.
Unknown command.
Unknown command.
You block the spatial maelstrom's attack.
The spatial maelstrom closely misses you.
The merfolk siren chants a haunting song.
You resist with almost no effort.
Unknown command.
Unknown command.
Unknown command.
The spatial maelstrom hits you!
* * * LOW HITPOINT WARNING * * *
Space bends around you.
* * * LOW HITPOINT WARNING * * *
The spatial maelstrom hits you!
* * * LOW HITPOINT WARNING * * *
Space bends around you.
You die...
Xom guffaws!

.... .#. ##. .§.#
.. #.##.... #.#
#..#..##.. #..
..#.#..... ##.#
##....#..
..#...###.@# ##. .
.......##v#.##.#..
.....#.cx##.#.#. %
#.v.cx#...... .#
###.#X#.#.##..#
#.##m§p.#..
###∩... ...#
#.#.##.....
##.v..# ##


You could see a spatial maelstrom, a spatial vortex, 2 yaktaurs and 2
worldbinders.

Vanquished Creatures
  Eustachio (D:5)
  A sky beast (D:6)
  An orc warrior (D:6)
  4 ogres
  A phantom (D:5)
  An elf zombie (Ossuary)
  2 bullfrogs
  2 scorpions (D:6)
  A howler monkey (D:4)
  A crimson imp (D:5)
  A centaur skeleton (D:4)
  A jelly (D:6)
  3 orc priests
  4 hounds
  An orc wizard (D:4)
  3 bullfrog skeletons
  An iguana (D:6)
  4 worker ants
  2 big kobold zombies (Ossuary)
  2 hound zombies (D:6)
  2 mummies (Ossuary)
  10 adders
  3 gnolls (D:2)
  An ooze (D:5)
  A worm (D:3)
  An adder skeleton (D:5)
  2 dart slugs
  4 leopard geckos
  19 orcs
  11 bats
  7 giant cockroaches
  A gnoll zombie (Ossuary)
  12 goblins
  21 hobgoblins
  3 jackals (D:5)
  5 kobolds
  2 quokkas (D:3)
  A ball python (D:3)
  9 frilled lizards
  2 goblin zombies (Ossuary)
  4 hobgoblin zombies (Ossuary)
  3 leopard gecko skeletons
  A leopard gecko zombie (D:6)
  4 orc zombies (Ossuary)
  10 rats
176 creatures vanquished.

Vanquished Creatures (others)
  The ghost of Rrauwl the Fighter, a novice OgAM of Okawaru (D:6)
  Menkaure (D:5)
  A black bear (D:6)
  A quokka skeleton (D:5)
4 creatures vanquished.

Grand Total: 180 creatures vanquished

Notes
Turn   | Place    | Note
-------+----------+-------------------------------------------
     0 | D:1      | M4edhros the Troll Chaos Knight began the quest for the Orb.
     0 | D:1      | Reached XP level 1. HP: 22/22 MP: 0/0
    47 | D:1      | XOM: divination: magic mapping
    74 | D:1      | XOM: divination: magic mapping
    78 | D:1      | XOM: silly message
   111 | D:1      | Reached XP level 2. HP: 28/29 MP: 1/1
   434 | D:1      | XOM: harmless Tloc miscast
   541 | D:1      | Reached skill level 4 in Unarmed Combat
   796 | D:1      | XOM: divination: detect creatures
  1165 | D:1      | XOM: scenery: create altars
  1270 | D:1      | XOM: divination: detect creatures
  1275 | D:1      | XOM: god gift: 17 stones
  1404 | D:1      | XOM is BORED!
  1404 | D:1      | XOM: mild Tloc miscast
  2041 | D:1      | Reached XP level 3. HP: 34/36 MP: 2/2
  2747 | D:1      | XOM: divination: detect items
  3007 | D:1      | XOM is BORED!
  3008 | D:1      | XOM: noise
  3177 | D:1      | Reached XP level 4. HP: 44/44 MP: 3/3
  3185 | D:1      | Noticed an ogre
  3190 | D:1      | Killed an ogre
  3190 | D:1      | Reached skill level 5 in Unarmed Combat
  3190 | D:1      | Reached XP level 5. HP: 31/50 MP: 4/4
  3222 | D:1      | XOM: noise
  3278 | D:1      | XOM: medium Pois miscast
  3761 | D:1      | XOM: divination: magic mapping
  3851 | D:2      | Reached skill level 6 in Unarmed Combat
  5744 | D:2      | XOM: smoke on damage
  6164 | D:3      | Reached XP level 6. HP: 57/59 MP: 5/5
  6167 | D:3      | XOM: silly message
  6305 | D:3      | XOM: god gift: lightning rod (4/4)
  6349 | D:3      | XOM: medium Necr miscast
  6421 | D:3      | XOM: noise
  6666 | D:3      | XOM: mild Chrm miscast
  7057 | D:3      | XOM: harmless Air miscast
  7390 | D:2      | XOM is BORED!
  7390 | D:2      | XOM: medium Fire miscast
  7495 | D:2      | XOM: noise
  7682 | D:2      | XOM: give mutation
  7682 | D:2      | Gained mutation: You are clumsy. (Dex -2) [Xom's mischief]
  7961 | D:2      | Reached skill level 7 in Unarmed Combat
  8127 | D:2      | XOM: harmless Pois miscast
  8784 | D:2      | XOM: silly message
  8811 | D:2      | XOM: harmless Tmut miscast
  9111 | D:2      | XOM is BORED!
  9916 | D:2      | XOM: harmless Necr miscast
 10262 | D:4      | Found a burning altar of Makhleb.
 10327 | D:4      | XOM: harmless Ice miscast
 10605 | D:5      | Entered Level 5 of the Dungeon
 10613 | D:5      | XOM: summons friendly shadow imp
 10619 | D:5      | Reached skill level 8 in Unarmed Combat
 10620 | D:5      | XOM: 5-stop teleportation journey
 10627 | D:5      | Reached XP level 7. HP: 61/66 MP: 6/6
 10632 | D:5      | XOM: snakes to sticks
 10635 | D:5      | XOM: summons 7 friendly demons
 10683 | D:5      | XOM: scenery: create altars
 10707 | D:5      | XOM: fake destruction
 10826 | D:5      | XOM: 3-stop teleportation journey
 10838 | D:5      | Found a sand-covered staircase.
 10848 | Ossuary  | Entered an ossuary
 10855 | Ossuary  | XOM: torment (34/66 hp)
 10861 | Ossuary  | XOM: repel stairs
 10940 | Ossuary  | XOM: summons 4 hostile shadow creatures
 11032 | D:5      | Noticed Menkaure
 11038 | D:5      | Noticed Eustachio
 11040 | D:5      | Killed Menkaure
 11040 | D:5      | Reached skill level 9 in Unarmed Combat
 11040 | D:5      | XOM: divine lightning
 11060 | D:5      | XOM: swap monsters
 11084 | D:5      | XOM: chaos cloud
 11170 | D:5      | XOM: summons 3 hostile demons
 11171 | D:5      | Noticed a neqoxec
 11171 | D:5      | Noticed an orange demon
 11173 | D:5      | Gained mutation: Your system is resistant to poisons. (rPois) [a neqoxec]
 11174 | D:5      | Gained mutation: You are weak. (Str -2) [a neqoxec]
 11184 | D:5      | XOM: noise
 11190 | D:5      | Gained mutation: You occasionally shout uncontrollably at your foes. [a neqoxec]
 11201 | D:5      | Gained mutation: Armour fits poorly on your strangely shaped body. [a neqoxec]
 11218 | D:5      | XOM: smoke on damage
 11221 | D:5      | Killed Eustachio
 11221 | D:5      | Reached skill level 10 in Unarmed Combat
 11221 | D:5      | Reached XP level 8. HP: 50/74 MP: 7/7
 11275 | D:5      | XOM: give mutations
 11275 | D:5      | Lost mutation: Armour fits poorly on your strangely shaped body. [Xom's mischief]
 11275 | D:5      | Gained mutation: Scrolls take you a little longer to read. [Xom's mischief]
 11898 | D:5      | XOM: harmless Air miscast
 12008 | D:5      | XOM: god gift: smoking tin ring {god gift}
 12009 | D:5      | Got a smoking tin ring {god gift}
 12010 | D:5      | Identified the ring of the Lotus Blossom {rCorr MR++ Int+5} (Xom gifted it to you on level 5 of the Dungeon)
 12020 | D:5      | Learned a level 3 spell: Confuse
 12052 | D:5      | Found a shadowy altar of Dithmenos.
 12055 | D:5      | Found a sacrificial altar of Ru.
 12058 | D:5      | Found an ornate altar of the Wu Jian Council.
 12119 | D:5      | Found a staircase to the Ecumenical Temple.
 12213 | D:6      | Reached skill level 1 in Hexes
 12217 | D:6      | Found a blossoming altar of Fedhas.
 12218 | D:6      | Found a bloodstained altar of Trog.
 12506 | D:3      | XOM: silly message
 12630 | D:3      | Found a glowing golden altar of the Shining One.
 12630 | D:3      | Found a hide-covered altar of Uskayaw.
 12795 | D:3      | XOM: mild Fire miscast
 12911 | D:6      | Noticed Rrauwl's ghost (novice OgAM)
 12932 | D:5      | XOM: summons 4 hostile demons
 12933 | D:5      | Noticed an ice devil
 13024 | D:6      | Lost mutation: You are weak. (Str -2) [potion of mutation]
 13024 | D:6      | Lost mutation: Scrolls take you a little longer to read. [potion of mutation]
 13024 | D:6      | Lost mutation: You are clumsy. (Dex -2) [potion of mutation]
 13024 | D:6      | Lost mutation: You occasionally shout uncontrollably at your foes. [potion of mutation]
 13024 | D:6      | Lost mutation: Your system is resistant to poisons. (rPois) [potion of mutation]
 13024 | D:6      | Gained mutation: Your body sometimes deteriorates upon taking damage. [potion of mutation]
 13024 | D:6      | Gained mutation: Your system is resistant to poisons. (rPois) [potion of mutation]
 13024 | D:6      | Gained mutation: You are partially covered in large bone plates. (SH +4) [potion of mutation]
 13024 | D:6      | Gained mutation: You evolve. [potion of mutation]
 13025 | D:6      | XOM: medium Tloc miscast
 13031 | D:6      | Killed Rrauwl's ghost
 13031 | D:6      | Reached skill level 1 in Spellcasting
 13031 | D:6      | XOM: divine lightning
 13124 | D:6      | XOM: swap monsters
 13306 | D:6      | Reached XP level 9. HP: 73/83 MP: 10/10
 13607 | D:6      | XOM: give mutations
 13607 | D:6      | Gained mutation: Your muscles are strong. (Str +2) [Xom's mischief]
 13607 | D:6      | Gained mutation: Your magical capacity is low. (-10% MP) [Xom's mischief]
 13793 | D:6      | XOM: give mutation
 13793 | D:6      | Lost mutation: Your muscles are strong. (Str +2) [Xom's mischief]
 14549 | D:7      | XOM: severe Tloc miscast
 14549 | D:7      | Cast into level 3 of the Abyss (the severe capriciousness of Xom)
 14563 | Abyss:3  | Noticed a worldbinder
 14575 | Abyss:3  | Noticed a vampire mage
 14575 | Abyss:3  | Noticed a spatial maelstrom
 14579 | Abyss:3  | Noticed a worldbinder
 14583 | Abyss:3  | Noticed a vault sentinel
 14583 | Abyss:3  | Noticed a vault sentinel
 14583 | Abyss:3  | Noticed a yaktaur
 14584 | Abyss:3  | Noticed a wind drake
 14588 | Abyss:3  | Noticed a merfolk siren
 14588 | Abyss:3  | Noticed a merfolk siren
 14588 | Abyss:3  | Noticed a merfolk siren
 14591 | Abyss:3  | Noticed a yaktaur
 14591 | Abyss:3  | Noticed a yaktaur
 14593 | Abyss:3  | HP: 2/83 [spatial maelstrom (9)]
 14593 | Abyss:3  | Slain by a spatial maelstrom

Vault maps used:
D:1:      dpeg_arrival_round_c
D:3:      gammafunk_temple_overflow_elements
D:4:      kennysheep_little_box, first_bread
D:5:      grunt_temple_overflow_diamond, minmay_temple_entry_statues,
          nicolae_ossuary_entry_plus, uniq_eustachio, uniq_menkaure
D:6:      lemuel_crystal_altar, fedhas_altar_1, kennysheep_small_circle
D:7:      basic_altar, serial_shops, nicolae_shop_trees, uniq_joseph
Abyss:3:  guppyfry_abyss_exit_spiral_guarded, minivault_28
Ossuary:  minmay_ossuary_gauntlet

Skill      XL: |  1  2  3  4  5  6  7  8  9 |
---------------+----------------------------+-----
Unarmed Combat | 4 5 6 8 10 | 10.3
Dodging        | 2 3 |  3.3
Hexes          | 2 3 |  3.0
Fighting       | 3 |  3.4
Spellcasting   | 1 |  1.8

Action                   |  1- 3 |  4- 6 |  7- 9 || total
-------------------------+-------+-------+-------++-------
Melee: Unarmed           |    89 |   204 |   215 ||   508
       Punch             |     1 |     2 |     9 ||    12
Evoke: Lightning rod     |       |     2 |     1 ||     3
  Use: Potion            |       |       |     9 ||     9
       Scroll            |       |       |     1 ||     1
 Stab: Sleeping          |       |     1 |     1 ||     2
  Eat: Chunk             |    29 |    58 |    34 ||   121
       Royal jelly       |       |     3 |     1 ||     4
Armor: Robe              |    28 |    81 |   145 ||   254
       Skin              |       |       |    10 ||    10
Dodge: Dodged            |    57 |    91 |   222 ||   370
Block: Other             |       |       |    11 ||    11
